 Dungeon Crawl Stone Soup version 0.24-a0-317-g5cb8de4 (webtiles) character file.

Game seed: 14192508781752636649

61060 Borgoz the Carver (level 15, -9/136 HPs)
             Began as a Hill Orc Gladiator on May 16, 2019.
             Was a Priest of Ashenzari.
             Mangled by a reaper
             ... wielding a +3 scythe of flaming
              (43 damage)
             ... in a Gauntlet.
             The game lasted 00:35:47 (16976 turns).

Borgoz the Carver (Hill Orc Gladiator)             Turns: 16976, Time: 00:35:48

Health: -9/136     AC: 19    Str: 19    XL:     15   Next: 1%
Magic:  20/20      EV: 18    Int: 10    God:    Ashenzari [***...]
Gold:   1066       SH:  0    Dex: 18    Spells: 14/14 levels left

rFire    + . .     SeeInvis +   r - +11 dagger "Edarasaf" {flame, rN+ Int+2 Dex-4}
rCold    + . .     Gourm    .   (no shield)
rNeg     + . .     Faith    .   R - +4 ring mail {rC+}
rPois    .         Spirit   .   c - +0 helmet
rElec    .         Reflect  .   o - +0 cloak
rCorr    .         Harm     .   h - +1 pair of gloves
MR       +++++     NoTele   +   u - +1 pair of boots of the Disturbing Planets {*Slow MR+ Dex+5 Slay+6}
Stlth    ++........             y - amulet "Tuciosul" {+Rage +Fly MR++}
HPRegen  0.32/turn              k - ring of protection from magic
MPRegen  0.17/turn              v - ring of protection from fire

@: berserk cooldown, slowed, very slow
A: no striking features
a: Curse Item, Scrying, Renounce Religion, Evoke Berserk Rage, Evoke Flight


You were in a Gauntlet.
You worshipped Ashenzari.
Ashenzari was most pleased with you.
You were very hungry.

You visited 3 branches of the dungeon, and saw 17 of its levels.
You also visited: Gauntlet.

You collected 1066 gold pieces.

Inventory:

Hand Weapons
 a - a +2 great sword of draining
 i - a +3 scimitar of flaming
 q - a +4 spear of piercing
 r - the +11 dagger "Edarasaf" (weapon) {flame, rN+ Int+2 Dex-4}
   (You found it on level 4 of the Dungeon)

   It has been specially enchanted to burn those struck by it, causing extra
   injury to most foes and up to half again as much damage against particularly
   susceptible opponents.
   It affects your intelligence (+2).
   It affects your dexterity (-4).
   It protects you from negative energy.
Missiles
 d - 9 throwing nets (quivered)
Armour
 c - a +0 helmet (worn)
 e - a +0 buckler of poison resistance
 h - a +1 pair of gloves (worn)
 o - a +0 cloak (worn)
 s - a +1 pair of boots of flying
 u - the +1 pair of boots of the Disturbing Planets (worn) {*Slow MR+ Dex+5 Slay+6}
   (You found it on level 5 of the Dungeon)

   It affects your dexterity (+5).
   It affects your accuracy and damage with ranged weapons and melee attacks
   (+6).
   It affects your resistance to hostile enchantments.
   It may slow you when you take damage.
 w - a +0 plate armour
 z - the +1 cloak of the Morning {rC+ Dex+4}
   (You found it in a Gauntlet)

   It affects your dexterity (+4).
   It protects you from cold.
 M - a +0 troll leather armour
 R - a +4 ring mail of cold resistance (worn)
Jewellery
 k - a ring of protection from magic (left hand)
 v - a ring of protection from fire (right hand)
 y - the amulet "Tuciosul" (around neck) {+Rage +Fly MR++}
   (You found it on level 5 of the Dungeon)

   [amulet of rage]

   It affects your resistance to hostile enchantments.
   It lets you fly.
   It lets you go berserk.
Wands
 l - a wand of paralysis (22)
 t - a wand of iceblast (16)
 G - a wand of digging (4)
 O - a wand of acid (5)
Scrolls
 m - 10 scrolls of remove curse
 x - 4 scrolls of teleportation
 C - 3 scrolls of fear
 F - a scroll of enchant weapon
 J - a scroll of fog
Potions
 g - a potion of heal wounds
 j - 2 potions of lignification
 n - a potion of cancellation {unknown}
 p - a potion of flight
 D - 2 potions of invisibility
 H - 3 potions of ambrosia
 I - 5 potions of haste
 K - 2 potions of agility
 L - 5 potions of curing
Comestibles
 b - 4 chunks of flesh
 f - 27 rations


   Skills:
 * Level 13.2 Fighting
 * Level 13.6 Long Blades
 - Level 1.7 Throwing
 * Level 11.9 Armour
 * Level 10.2 Dodging
 - Level 5.0 Stealth
 + Level 7.9 Evocations


You had 14 spell levels left.
You didn't know any spells.
Your spell library contained the following spells:

 Spells                   Type           Power        Failure   Level  Hunger
 Apportation              Tloc           #.....       50%         1    ##.....
 Corona                   Hex            #......      50%         1    ##.....
 Infusion                 Chrm           #...         50%         1    ##.....
 Summon Butterflies       Summ           #.......     50%         1    ##.....
 Summon Small Mammal      Summ           #...         50%         1    ##.....
 Call Imp                 Summ           #.......     65%         2    ###....
 Slow                     Hex            #.......     65%         2    ###....
 Call Canine Familiar     Summ           #.......     86%         3    ####...
 Inner Flame              Hex/Fire       #.......     86%         3    ####...
 Lesser Beckoning         Tloc           #.........   86%         3    ####...
 Portal Projectile        Hex/Tloc       #.....       86%         3    ####...
 Spectral Weapon          Hex/Chrm       #.......     86%         3    ####...
 Summon Guardian Golem    Hex/Summ       #.......     86%         3    ####...
 Tukima's Dance           Hex            #.......     86%         3    ####...
 Cause Fear               Hex            #.........   99%         4    #####..
 Leda's Liquefaction      Hex/Erth       #.........   99%         4    #####..
 Summon Ice Beast         Ice/Summ       #.......     99%         4    #####..
 Summon Lightning Spire   Summ/Air       #.......     99%         4    #####..
 Alistair's Intoxication  Tmut/Pois      #.......     100%        5    ######.
 Summon Demon             Summ           #.........   100%        5    ######.
 Summon Mana Viper        Hex/Summ       #.......     100%        5    ######.
 Deflect Missiles         Chrm/Air       #.........   100%        6    #######
 Invisibility             Hex            #.......     100%        6    #######


Dungeon Overview and Level Annotations

Branches:
Dungeon (15/15)            Temple (1/1) D:5            Lair (1/6) D:10
    Orc (0/2) D:10         Vaults (0/5) D:13         Depths (0/5) D:15

Altars:
Ashenzari
Cheibriados
Dithmenos
Elyvilon
Fedhas
Gozag
Hepliaklqana
Kikubaaqudgha
Makhleb
Nemelex Xobeh
Okawaru
Qazlal
Ru
Sif Muna
Trog
Uskayaw
Vehumet
Wu Jian
Xom
Yredelemnul
Zin
The Shining One

Shops:
D:4 *   D:6 =   D:8 :   D:11 =

Annotations:
Gauntlet 5 runed translucent doors, 7 transporters, exclusions: ice statue and 2 more exclusions


Message History

The reaper burns you.
* * * LOW HITPOINT WARNING * * *
The shadow imp misses you.
You barely miss the shadow imp. The hellwing closely misses you. x2
The shadow imp hits you.
* * * LOW HITPOINT WARNING * * *
You hit the shadow imp. You burn the shadow imp.
The shadow imp is moderately wounded.
The hellwing misses you. The hellwing completely misses you.
The reaper hits you with a +3 scythe of flaming!!
* * * LOW HITPOINT WARNING * * *
The reaper burns you.
* * * LOW HITPOINT WARNING * * *
You feel as though you will be slow longer.
The shadow imp closely misses you.
You feel much better. The hellwing hits you.
* * * LOW HITPOINT WARNING * * *
The hellwing misses you.
The reaper hits you with a +3 scythe of flaming!!!
You die...

,
#...##..#.###...#.8.#...#.#
..8.#...#).#....#...##..#.#
,
#...#.∩.#.WW....#.8.#©#.#..
#.©.#...#########...#######
,....#.8.....#.....8.#......
#.©.#...#########...#######
,,
#...#.∩.##.#.#.##.8.#.?#...
,
..8.#...#4#.#.#.#...#.=#.##
,
#...##..##@#.#.##.8.###+.##
#.8 ##.#5#2#.#.#©.©#©.+... ,
, .. ##≈.##)#©#.########+###
, ,#≈≈.#)#.#.#.#...#k....k *
* , ##≈.##.#.#.##.8.#k.8...
* **##.#########...#######
#≈....................
#≈≈≈#≈≈≈#≈≈≈#≈≈≈#≈≈≈#≈≈
##≈###≈###≈###≈###≈###≈


You could see a reaper, a hellwing, 2 shadows and a shadow imp.

Vanquished Creatures
  Frances (D:13)
  A tengu reaver (D:15)
  3 ogre magi (D:15)
  A fire dragon (D:15)
  2 hydras
  Harold (D:8)
  2 yaktaur captains
  The ghost of galech the Cleaver, a journeyman DsFi of Okawaru (D:12)
  A catoblepas (D:13)
  3 centaur warriors
  7 two-headed ogres
  2 tengu warriors
  A deep elf knight (D:15)
  An unseen horror (D:15)
  A flayed ghost (D:15)
  A wizard (D:13)
  A deep troll (D:14)
  Pikel (D:6)
  An ugly thing (D:12)
  A manticore (D:15)
  3 cyclopes
  3 deep elf magi
  A worldbinder (Gauntlet)
  Psyche (D:11)
  2 gargoyles
  A kobold demonologist (D:15)
  A centaur skeleton (D:12)
  An efreet (D:15)
  A komodo dragon (D:13)
  A komodo dragon (shapeshifter) (D:14)
  3 tengu conjurers
  7 trolls
  A hornet (D:11)
  5 slime creatures (D:11)
  3 hippogriffs
  A wraith (D:14)
  2 shadows
  2 wyverns
  A vampire (D:13)
  Sigmund (D:3)
  A yak (shapeshifter) (D:15)
  9 yaks
  Eustachio (D:6)
  A hungry ghost (D:7)
  A basilisk (D:15)
  7 vampire mosquitoes
  Menkaure (D:6)
  A soldier ant (shapeshifter) (D:14)
  A soldier ant (D:15)
  2 orc warriors
  2 sky beasts (D:8)
  4 slaves (D:6)
  2 phantoms
  2 black bears
  An ice beast (D:9)
  3 wolves (D:10)
  2 boggarts (Gauntlet)
  8 ogres
  16 centaurs
  2 crocodiles
  2 big kobolds
  13 bullfrogs
  A wyvern zombie (D:13)
  3 scorpions
  6 killer bees (D:13)
  5 howler monkeys
  An electric eel (D:10)
  A bullfrog zombie (D:13)
  7 crimson imps
  2 centaur zombies
  A jelly (D:10)
  4 orc priests
  10 hounds
  Crazy Yiuf (D:3)
  10 orc wizards
  2 bullfrog skeletons
  2 iguanas
  7 worker ants
  Natasha (D:2)
  A howler monkey zombie (D:7)
  A worker ant zombie (D:5)
  11 adders
  A shadow imp (D:7)
  An ooze (D:3)
  A worm (D:2)
  3 dart slugs
  4 leopard geckos
  40 orcs
  4 bats
  A giant cockroach (D:7)
  8 goblins
  2 hobgoblins (D:1)
  19 jackals
  3 quokkas
  8 frilled lizards
  A giant cockroach zombie (D:6)
  A jackal skeleton (D:5)
  17 kobolds
  2 leopard gecko skeletons
  5 rats
354 creatures vanquished.

Vanquished Creatures (others)
  A quokka (D:10)
1 creature vanquished.

Grand Total: 355 creatures vanquished

Notes
Turn   | Place    | Note
-------+----------+-------------------------------------------
     0 | D:1      | Borgoz the Hill Orc Gladiator began the quest for the Orb.
     0 | D:1      | Reached XP level 1. HP: 18/18 MP: 1/1
   157 | D:1      | Reached XP level 2. HP: 25/25 MP: 2/2
   227 | D:1      | Reached skill level 1 in Armour
   454 | D:1      | Reached XP level 3. HP: 25/30 MP: 3/3
  1535 | D:2      | Noticed Natasha
  1542 | D:2      | Killed Natasha
  1542 | D:2      | Reached XP level 4. HP: 34/38 MP: 4/4
  1982 | D:3      | Reached XP level 5. HP: 21/46 MP: 5/5
  2325 | D:3      | Found a runed translucent door.
  2326 | D:3      | Noticed Crazy Yiuf
  2337 | D:3      | Killed Crazy Yiuf
  2337 | D:3      | Reached XP level 6. HP: 41/52 MP: 6/6
  2651 | D:3      | Noticed Sigmund
  2682 | D:3      | Killed Sigmund
  2682 | D:3      | Reached skill level 5 in Long Blades
  3051 | D:4      | Reached XP level 7. HP: 25/60 MP: 7/7
  3381 | D:4      | Reached skill level 5 in Fighting
  4007 | D:4      | Got a scorched dagger
  4008 | D:4      | Identified the +11 dagger "Edarasaf" {flame, rN+ Int+2
                  | Dex-4} (You found it on level 4 of the Dungeon)
  4117 | D:4      | Found Qinnegom's General Store.
  4263 | D:5      | Entered Level 5 of the Dungeon
  4283 | D:5      | Reached XP level 8. HP: 59/70 MP: 8/8
  4348 | D:5      | Got a pair of brightly glowing boots
  4354 | D:5      | Identified the +1 pair of boots of the Disturbing Planets
                  | {*Slow MR+ Dex+5 Slay+6} (You found it on level 5 of the
                  | Dungeon)
  4593 | D:5      | Got a faintly glowing graven amulet
  4601 | D:5      | Identified the amulet "Tuciosul" {+Rage +Fly MR++} (You
                  | found it on level 5 of the Dungeon)
  4749 | D:5      | Found a staircase to the Ecumenical Temple.
  4808 | Temple   | Entered the Ecumenical Temple
  4874 | Temple   | Became a worshipper of Ashenzari the Shackled
  5228 | D:6      | Reached skill level 5 in Armour
  5264 | D:6      | Found Zuqeud's Jewellery Shoppe.
  5309 | D:6      | Noticed Eustachio
  5320 | D:6      | Reached skill level 1 in Stealth
  5320 | D:6      | Reached skill level 1 in Evocations
  5355 | D:6      | Killed Eustachio
  5737 | D:6      | Noticed Menkaure
  5743 | D:6      | Killed Menkaure
  5766 | D:6      | Found an opulent altar of Gozag.
  6054 | D:6      | Reached skill level 5 in Dodging
  6054 | D:6      | Reached XP level 9. HP: 64/78 MP: 10/10
  6085 | D:6      | Noticed Pikel
  6119 | D:6      | Killed Pikel
  6664 | D:7      | Got the trident "Laem" {flame, +Rage rPois rC++ Str-4}
  7341 | D:8      | Reached * piety under Ashenzari
  7367 | D:8      | Found Fasizo's Book Shoppe.
  7390 | D:8      | Noticed Harold
  7410 | D:8      | Killed Harold
  7410 | D:8      | Reached XP level 10. HP: 36/88 MP: 11/13
  8061 | D:9      | Noticed a two-headed ogre
  8068 | D:9      | Killed a two-headed ogre
  8145 | D:9      | Noticed a two-headed ogre
  8155 | D:9      | Killed a two-headed ogre
  8312 | D:9      | Reached skill level 10 in Long Blades
  8326 | D:9      | Noticed a deep elf mage
  8338 | D:9      | Killed a deep elf mage
  8821 | D:10     | Entered Level 10 of the Dungeon
  8872 | D:10     | Reached skill level 5 in Evocations
  8949 | D:10     | Reached XP level 11. HP: 55/95 MP: 14/14
  9221 | D:10     | Found a staircase to the Lair.
  9303 | D:10     | Reached ** piety under Ashenzari
  9486 | D:10     | Found a staircase to the Orcish Mines.
  9621 | D:11     | Paralysed by a hornet for 2 turns
 10343 | D:11     | Noticed Psyche
 10349 | D:11     | Killed Psyche
 10465 | D:11     | Found Hunepro's Jewellery Shoppe.
 10808 | D:12     | Noticed a cyclops
 10810 | D:12     | Noticed a two-headed ogre
 10816 | D:12     | Killed a cyclops
 10825 | D:12     | Killed a two-headed ogre
 11017 | D:12     | Noticed a six-headed hydra
 11037 | D:12     | Killed a six-headed hydra
 11037 | D:12     | Reached skill level 10 in Fighting
 11254 | D:12     | Identified the +7 trident "Laem" {flame, +Rage rPois rC++
                  | Str-4} (You found it on level 7 of the Dungeon)
 11297 | D:12     | Noticed a cyan ugly thing
 11307 | D:12     | Found a shadowy altar of Dithmenos.
 11310 | D:12     | Killed a cyan ugly thing
 11310 | D:12     | Reached XP level 12. HP: 57/106 MP: 16/16
 11717 | D:12     | Found a runed translucent door.
 11717 | D:12     | Noticed galech's ghost (journeyman DsFi)
 11743 | D:12     | Found a shimmering altar of Xom.
 11964 | D:12     | Killed galech's ghost
 12318 | D:13     | Noticed a centaur warrior
 12328 | D:13     | Killed a centaur warrior
 12686 | D:13     | Noticed a catoblepas
 12716 | D:13     | Killed a catoblepas
 12944 | D:13     | Noticed a centaur warrior
 12951 | D:13     | Killed a centaur warrior
 13037 | D:13     | Noticed a two-headed ogre
 13054 | D:13     | Killed a two-headed ogre
 13119 | D:13     | Reached skill level 10 in Armour
 13249 | D:13     | Found a gate to the Vaults.
 13276 | D:13     | Noticed Frances
 13293 | D:13     | Killed Frances
 13293 | D:13     | Reached XP level 13. HP: 116/116 MP: 18/18
 13950 | D:14     | Identified the Compendium of Creative Boosts
 14272 | D:14     | Reached *** piety under Ashenzari
 14561 | D:15     | Entered Level 15 of the Dungeon
 14606 | D:15     | Noticed a fire dragon
 14623 | D:15     | Killed a fire dragon
 14623 | D:15     | Reached skill level 5 in Stealth
 14745 | D:15     | Noticed an ogre mage
 14990 | D:15     | Killed an ogre mage
 15001 | D:15     | Noticed a yaktaur captain
 15016 | D:14     | Killed a yaktaur captain
 15290 | D:15     | Noticed an ogre mage
 15302 | D:15     | Killed an ogre mage
 15305 | D:15     | Reached XP level 14. HP: 124/127 MP: 19/19
 15314 | D:15     | Found a staircase to the Depths.
 16272 | D:15     | Found a runed translucent door.
 16273 | D:15     | Noticed a tengu reaver
 16278 | D:15     | Killed a tengu reaver
 16278 | D:15     | Reached skill level 10 in Dodging
 16611 | Lair:1   | Entered Level 1 of the Lair of Beasts
 16684 | Lair:1   | Found a gate leading to a gauntlet.
 16702 | Gauntlet | Entered a Gauntlet
 16702 | Gauntlet | Found a runed translucent door.
 16702 | Gauntlet | Found a transporter.
 16702 | Gauntlet | Found a runed translucent door.
 16702 | Gauntlet | Found a transporter.
 16710 | Gauntlet | Found a transporter.
 16714 | Gauntlet | Found a transporter.
 16720 | Gauntlet | Found a runed translucent gate.
 16720 | Gauntlet | Found a runed translucent gate.
 16720 | Gauntlet | Found a runed translucent gate.
 16722 | Gauntlet | Found a transporter.
 16726 | Gauntlet | Found a transporter.
 16730 | Gauntlet | Noticed a reaper
 16735 | Gauntlet | Found a transporter.
 16750 | Gauntlet | Found a transporter.
 16764 | Gauntlet | Found a transporter.
 16776 | Gauntlet | Found a transporter.
 16780 | Gauntlet | Found a transporter.
 16865 | Gauntlet | Found a transporter.
 16938 | Gauntlet | Reached XP level 15. HP: 135/135 MP: 20/20
 16973 | Gauntlet | Got the uncursed cloak of the Morning {rC+ Dex+4}
 16975 | Gauntlet | HP: 3/136 [reaper/+3 scythe of flaming (4)]
 16976 | Gauntlet | Mangled by a reaper

Levels and vault maps discovered:
D:1:      matt_arrival_grand_opening, layout_loops_cross
D:2:      layout_basic, uniq_natasha
D:3:      layout_loops_cross, uniq_sigmund, uniq_crazy_yiuf_cottage
D:4:      layout_basic, first_ration, serial_shops, nicolae_shop_trees,
          skrybe_limestone_x, chequers_serial_rivers_room_a
D:5:      layout_cave_pools, lemuel_temple_firewalk_a, hangedman_decor_slide_cut
D:6:      layout_layer_cave, grunt_gozag_breadcrumbs, serial_shops,
          shop_fountains, uniq_menkaure, uniq_pikel, uniq_eustachio
D:7:      layout_rooms
D:8:      layout_cave_pods, serial_shops, shop, uniq_harold
D:9:      layout_irregular_city
D:10:     layout_loops_cross, erik_lair_island, orc_0_dummy
D:11:     layout_big_octagon, serial_glass, glass_columns_a, glass_columns_b,
          serial_shops, kennysheep_mini_moat, grunt_tengu_nest,
          hangedman_decor_points, nicolae_zen_rock_garden, uniq_psyche
D:12:     layout_rooms, basic_altar, hellmonk_ghost_happy_afterlife,
          minmay_misc_feat_pillars, grunt_dithmenos_smoke_and_mirrors
D:13:     layout_stronghold, david_vaults_1, uniq_frances
D:14:     layout_loops_corners
D:15:     hangedman_depths_entry_civil_slaughter, layout_irregular_city,
          minivault_13
Temple:   kilobyte_greek_temple
Lair:1:   layout_cave_pods, gauntlet_entry_generic, minmay_lair_oklob_chamber,
          infiniplex_staircase_pool, serial_bayou_shore_b, lemuel_fruit_tree
Gauntlet: minmay_gauntlet_77_indecision [minmay_gauntlet_arena_77_cramped,
          minmay_gauntlet_arena_77_fan, minmay_gauntlet_arena_77_run_for_it,
          minmay_gauntlet_arena_77_radiant_squares,
          minmay_gauntlet_arena_77_checkered,
          minmay_gauntlet_arena_77_double_cross, gauntlet_exit_green]

Skill      XL: |  1  2  3  4  5  6  7  8  9 10 11 12 13 14 |
---------------+-------------------------------------------+-----
Armour         | 1 2 3 4 5 6 7 8 10 11 | 11.9
Fighting       | 3 4 5 6 7 8 10 11 12 13 | 13.2
Long Blades    | 4 5 7 9 10 11 12 13 | 13.6
Dodging        | 3 4 5 6 7 8 9 10 | 10.2
Stealth        | 1 2 3 4 5 |  5.0
Evocations     | 1 4 5 6 7 |  7.9
Throwing       | |  1.7

Action                   |  1- 3 |  4- 6 |  7- 9 | 10-12 | 13-15 || total
-------------------------+-------+-------+-------+-------+-------++-------
Melee: Long sword        |    98 |   168 |    77 |       |       ||   343
       Dagger            |       |       |   208 |   445 |   286 ||   939
Throw: Throwing net      |       |     2 |       |     1 |     2 ||     5
 Abil: Evoke Berserk Rag |       |       |       |     4 |     6 ||    10
Evoke: Wand              |       |       |     7 |     5 |       ||    12
  Use: Scroll            |     3 |       |     1 |    19 |     1 ||    24
       Potion            |     1 |     1 |       |     2 |     8 ||    12
 Stab: Held in net/web   |       |     1 |       |     1 |     2 ||     4
       Sleeping          |       |       |       |     2 |     8 ||    10
       Invisible         |       |       |       |       |     2 ||     2
  Eat: Chunk             |     2 |     5 |     9 |    21 |    11 ||    48
       Ration            |       |       |     2 |       |     2 ||     4
Armor: Leather armour    |    30 |       |       |       |       ||    30
       Scale mail        |     5 |    96 |   117 |   174 |    14 ||   406
       Ring mail         |       |       |       |       |    75 ||    75
Dodge: Dodged            |    73 |   107 |   179 |   274 |   238 ||   871
       Rpst.: Long sword |    19 |    37 |    17 |       |       ||    73

Table legend:
 A = Non-vault XP
 B = Vault XP
 C = Vault XP percentage of total XP
 D = Non-vault monster count
 E = Vault monster count
 F = Vault count percentage of total count
                 A         B        C        D         E       F
            +---------+---------+-------+---------+---------+-------
      Total |   37135 |   22820 |  38.1 |     311 |      39 |  11.1
            +---------+---------+-------+---------+---------+-------
        D:1 |      48 |       0 |   0.0 |      26 |       0 |   0.0
        D:2 |      32 |      33 |  50.8 |       8 |       1 |  11.1
        D:3 |     211 |     253 |  54.5 |      41 |       2 |   4.7
        D:4 |     543 |       0 |   0.0 |      22 |       0 |   0.0
        D:5 |     475 |       0 |   0.0 |      13 |       0 |   0.0
        D:6 |     715 |    1042 |  59.3 |      22 |       3 |  12.0
        D:7 |     632 |       0 |   0.0 |      14 |       0 |   0.0
        D:8 |     604 |    1007 |  62.5 |       7 |       1 |  12.5
        D:9 |    3274 |       0 |   0.0 |      13 |       0 |   0.0
       D:10 |    1654 |     746 |  31.1 |      16 |       6 |  27.3
       D:11 |    2320 |     776 |  25.1 |      11 |       2 |  15.4
       D:12 |    5421 |     984 |  15.4 |      26 |       1 |   3.7
       D:13 |    7902 |    4293 |  35.2 |      49 |       4 |   7.5
       D:14 |    2303 |    1719 |  42.7 |      13 |       2 |  13.3
       D:15 |   10804 |    9690 |  47.3 |      28 |      11 |  28.2
     Lair:1 |     197 |       0 |   0.0 |       2 |       0 |   0.0
   Gauntlet |       0 |    2277 | 100.0 |       0 |       6 | 100.0
            +---------+---------+-------+---------+---------+-------
